 Dungeon Crawl Stone Soup version 0.27-a0-686-gaed091b46b (webtiles) character file.

Game seed: 692981055450853502

12 HoaS the Insei (level 2, -5/24 HPs)
             Began as a Demigod Gladiator on Mar 20, 2021.
             Slain by a worm (10 damage)
             ... on level 2 of the Dungeon.
             The game lasted 00:01:15 (809 turns).

HoaS the Insei (Demigod Gladiator)                   Turns: 809, Time: 00:01:15

Health: -5/24      AC:  7    Str: 15    XL:     2   Next: 9%
Magic:  4/4        EV: 12    Int: 10    God:
Gold:   19         SH:  0    Dex: 15    Spells: 1/1 levels left

rFire    . . .     SeeInvis .     - Unarmed
rCold    . . .     Faith    .   (no shield)
rNeg     . . .     Spirit   .   a - +0 leather armour
rPois    .         Reflect  .   b - +1 helmet
rElec    .         Harm     .   (no cloak)
rCorr    .         Rampage  .   g - +1 pair of gloves
Will     .....                  (no boots)
Stlth    +.........             (no amulet)
HPRegen  0.08/turn              (no ring)
MPRegen  0.09/turn              (no ring)

@: no status effects
A: high mp 1, forlorn
a: no special abilities


You were on level 2 of the Dungeon.
You visited 1 branch of the dungeon, and saw 2 of its levels.

You collected 19 gold pieces.

Inventory:

Missiles
 c - 3 throwing nets (quivered)
 f - 4 atropa-tipped darts
Armour
 a - a +0 leather armour (worn)
 b - a +1 helmet (worn)
 g - a +1 pair of gloves (worn)
Potions
 i - a potion of ambrosia {unknown}


   Skills:
 - Level 1.7 Fighting
 - Level 1.7 Throwing
 - Level 2.6 Dodging
 + Level 3.3 Unarmed Combat


You had one spell level left.
You didn't know any spells.
Your spell library was empty.

Dungeon Overview and Level Annotations

Branches:
Dungeon (2/15)


Innate Abilities, Weirdness & Mutations

Your attributes grow dramatically as you level up.
You have an increased reservoir of magic. (+10% MP)
You shall have no god before yourself.


Message History

You miss the frilled lizard. The frilled lizard closely misses you.
You miss the frilled lizard.
The frilled lizard bites you but does no damage.
You hit the frilled lizard.
You kill the frilled lizard!
You swing at nothing.
A worm comes into view.
You swing at nothing.
You swing at nothing.
You swing at nothing.
You swing at nothing.
You swing at nothing.
You swing at nothing.
You swing at nothing.
You swing at nothing.
You swing at nothing.
You swing at nothing.
You punch the worm!
The worm is moderately wounded.
The worm bites you!
You hit the worm but do no damage. You punch the worm.
The worm is heavily wounded.
You hit the worm.
The worm is severely wounded.
The worm bites you.
You hit the worm.
The worm is severely wounded.
You barely miss the worm.
The worm is severely wounded.
The worm bites you!
* * * LOW HITPOINT WARNING * * *
You hit the worm.
The worm is severely wounded.
You hit the worm.
The worm is severely wounded.
The worm completely misses you.
You hit the worm.
The worm is almost dead.
The worm bites you!
You die...

#........#####
#............# **
#............# *,
#............# *,
#.####<......# *,
#.#**#########***,
#.#,,,,,,,,,,,,,,,
#.#,****,,,,,,,,,,
#@#,*,,*,,,,,,,,,,
#w#,*,,*,*********
#.#+**+*+******
#..,,,,,,,,,,,* **
#..,,,,,,,,,,,* *,
#...,,,,,,,,,,***,
#...,,,,,,,,,,,,+,
#....,,,,,,,,,***,
*,,,,,,,,,,,,,* *,


You could see a worm.

Vanquished Creatures
  2 dart slugs (D:1)
  2 bats (D:1)
  A goblin (D:2)
  A quokka (D:1)
  2 frilled lizards (D:2)
  A rat (D:1)
9 creatures vanquished.

Notes
Turn   | Place    | Note
-------+----------+-------------------------------------------
     0 | D:1      | HoaS the Demigod Gladiator began the quest for the Orb.
     0 | D:1      | Reached XP level 1. HP: 17/17 MP: 3/3
   307 | D:1      | Reached skill level 3 in Unarmed Combat
   780 | D:2      | Reached XP level 2. HP: 23/24 MP: 4/4
   809 | D:2      | Slain by a worm

Illustrated notes

Levels and vault maps discovered:
D:1:      lemuel_arrival_room, layout_basic
D:2:      wad_crossroads, layout_basic, gammafunk_temple_overflow_elements,
          uniq_sigmund, uniq_jessica

Skill      XL: |  1 |
---------------+----+-----
Unarmed Combat | 3 |  3.3
Fighting       | |  1.7
Throwing       | |  1.7
Dodging        | |  2.6

Action                   || total
-------------------------++-------
Melee: Unarmed           ||    48
       Punch             ||     2
  Use: Scroll            ||     3
Armor: Leather armour    ||    27
Dodge: Dodged            ||    24

Table legend: (Time is in decaauts)
 A = Elapsed time spent in this place.
 B = Non-inter-level travel time spent in this place.
 C = Inter-level travel time spent in this place.
 D = Time resting spent in this place.
 E = Time spent auto-exploring this place.
 F = Levels seen in this place.
 G = Mean time per level.
                   A        B        C        D        E       F      G
               +--------+--------+--------+--------+--------+-----+--------+
         Total |    806 |    762 |     44 |    163 |    500 |   2 |  403.0 |
       Dungeon |    806 |    762 |     44 |    163 |    500 |   2 |  403.0 |
               +--------+--------+--------+--------+--------+-----+--------+

Top non-repeatable levels by time:
     D:1: 757 daAuts
     D:2: 48 daAuts
